 Dungeon Crawl Stone Soup version 0.22-a0-346-ga714374 (webtiles) character file.

14 Azzok the Vexing (level 2, -1/15 HPs)
             Began as a Deep Elf Enchanter on Apr 6, 2018.
             Slain by a jackal (2 damage)
             ... on level 1 of the Dungeon.
             The game lasted 00:01:14 (473 turns).

Azzok the Vexing (Deep Elf Enchanter)                Turns: 473, Time: 00:01:15

Health: -1/15      AC:  2    Str:  5    XL:     2   Next: 27%
Magic:  0/8        EV: 13    Int: 19    God:
Gold:   23         SH:  0    Dex: 15    Spells: 4/7 levels left

rFire    . . .     SeeInvis .   f - +1 dagger (pain)
rCold    . . .     Gourm    .   (no shield)
rNeg     . . .     Faith    .   b - +0 robe
rPois    .         Spirit   .   (no helmet)
rElec    .         Reflect  .   (no cloak)
rCorr    .         Harm     .   (no gloves)
MR       .....                  (no boots)
Stlth    +++.......             (no amulet)
HPRegen  0.05/turn              (no ring)
MPRegen  0.11/turn              (no ring)

@: no status effects
A: no striking features
a: no special abilities


You were on level 1 of the Dungeon.
You were not hungry.

You visited 1 branch of the dungeon, and saw 1 of its levels.

You collected 23 gold pieces.

Inventory:

Hand Weapons
 f - a +1 dagger of pain (weapon)
Armour
 b - a +0 robe (worn)
Scrolls
 e - 3 scrolls of identify {unknown}
 g - a scroll of amnesia {unknown}
 h - a scroll of magic mapping {unknown}
Potions
 c - a potion of flight {unknown}
Comestibles
 a - a chunk of flesh
 d - a ration


   Skills:
 - Level 1.0 Short Blades
 - Level 2.4 Dodging
 + Level 4.2 Stealth
 - Level 3.0 Spellcasting
 + Level 4.5 Hexes


You had 4 spell levels left.
You knew the following spells:

 Your Spells              Type           Power        Failure   Level  Hunger
a - Corona                Hex            ###....      2%          1    None
b - Ensorcelled Hibernat  Hex/Ice        ##....       9%          2    ##.....


Dungeon Overview and Level Annotations

Branches:
Dungeon (1/15)

Altars:


Message History

The jackal bites you.
You hit the jackal.
You kill the jackal!
Casting: Corona (safe; 2% risk of failure)
Confirm with . or Enter, or press ? or * to list all spells.
You don't have enough magic to cast that spell.
The jackal bites you but does no damage.
Casting: Corona (safe; 2% risk of failure)
Confirm with . or Enter, or press ? or * to list all spells.
Aiming: Corona (safe; 2% risk of failure)
Press: ? - help, Shift-Dir - straight line, f - jackal
Aim: a jackal (chance to defeat MR: 75%)
The jackal is outlined in light.
* * * LOW MAGIC WARNING * * *
The jackal completely misses you. The jackal bites you.
* * * LOW HITPOINT WARNING * * *
You hit the jackal but do no damage. The jackal bites you.
* * * LOW HITPOINT WARNING * * *
The jackal bites you.
You die...

≈♣♣♣ ≈≈≈P ▒▒▒▒ ≈≈PP≈ ▒▒▒▒··▒
▒♣≈≈≈≈≈ ▒▒▒▒▒▒▒▒▒▒▒▒
▒▒▒▒··†··▒▒≈≈≈≈P≈≈
▒·········(▒▒▒@h··▒▒▒··≈≈P≈≈≈≈P
▒···········)··▒▒▒▒ ▒··≈≈≈≈·≈PP
▒··········▒▒▒▒▒ ▒···≈≈·≈···
▒·······▒▒▒▒ ·········?···?·
▒▒▒▒▒··▒▒▒▒▒ ·····♣P≈P·≈····
▒······▒ ······≈♣♣≈≈≈≈P≈·
▒·▒▒▒▒··········▒▒ ♣≈≈≈≈PP
▒··▒▒ ▒▒▒·▒▒▒▒ ≈≈≈≈♣P ▒▒··▒
♣♣♣♣♣


You could see a jackal.

Vanquished Creatures
  2 dart slugs (D:1)
  2 hobgoblins (D:1)
  2 jackals (D:1)
  A frilled lizard (D:1)
  A kobold (D:1)
  2 rats (D:1)
10 creatures vanquished.

Notes
Turn   | Place    | Note
-------+----------+-------------------------------------------
     0 | D:1      | Azzok the Deep Elf Enchanter began the quest for the Orb.
     0 | D:1      | Reached XP level 1. HP: 10/10 MP: 6/6
    88 | D:1      | Reached XP level 2. HP: 15/15 MP: 8/8
   434 | D:1      | Learned a level 2 spell: Ensorcelled Hibernation
   473 | D:1      | Slain by a jackal

Vault maps used:
D:1:      lemuel_arrival_broad_hall, serial_bayou_ford_a, minmay_tiny_reverse_x

Skill      XL: |  1 |
---------------+----+-----
Stealth        | 4 |  4.2
Short Blades   | |  1.0
Dodging        | |  2.4
Spellcasting   | |  3.0
Hexes          | |  4.5

Action                   || total
-------------------------++-------
Melee: Dagger            ||    35
 Cast: Corona            ||     7
       Ensorcelled Hiber ||     3
 Stab: Sleeping          ||     5
Armor: Robe              ||     6
Dodge: Dodged            ||    22

Table legend:
 A = Spawn XP
 B = Non-spawn XP
 C = Spawn XP percentage of total XP
 D = Spawn monster count
 E = Non-spawn monster count
 F = Spawn count percentage of total count
 G = Total turns spent on level
                    A         B        C        D         E        F      G
               +---------+---------+-------+---------+---------+-------+---------
         Total |       0 |      20 |   0.0 |       0 |      10 |   0.0 |   473
               +---------+---------+-------+---------+---------+-------+---------
           D:1 |       0 |      20 |   0.0 |       0 |      10 |   0.0 |   473
               +---------+---------+-------+---------+---------+-------+---------
